Map: Ascension to Aiur LE

Players

Maplez

  • Race: Protoss Protoss
  • League: Master
  • Spawn Location: 11:00

IlllIIIIllII - Winner!

  • Race: Protoss Protoss
  • League: Master
  • Spawn Location: 5:00

VOD

Have the link to the VOD?

Description

Time

  • Played on: May 21, 2017, 10:07 p.m.
  • Length: 3:14
Show
View Real Time Build Order
Export as new Build Order

Maplez Protoss 

Build Orders:  

Get SALT Encoding   

  12  0:00  Probe (Chrono Boost)  
  13  0:11  Probe (Chrono Boost)  
  14  0:17  Pylon  
  14  0:22  Probe (Chrono Boost)  
  15  0:35  Probe (Chrono Boost)  
  16  0:36  Gateway  
  16  0:46  Probe (Chrono Boost)  
  16  0:47  Assimilator  
  17  0:50  Assimilator  
  17  0:56  Probe (Chrono Boost)  
  18  1:03  Gateway  
  18  1:08  Probe (Chrono Boost)  
  20  1:18  Probe (Chrono Boost)  
  20  1:24  Zealot  
  20  1:32  Cybernetics Core  
  22  1:35  Probe (Chrono Boost)  
  23  1:52  Pylon  
  21  2:09  Mothership Core (Chrono Boost)  
  21  2:10  Stalker  
  24  2:27  Pylon  
  19  2:35  Probe (Chrono Boost)  
  20  2:45  Zealot  
  20  2:47  Probe (Chrono Boost)  
Show
View Real Time Build Order
Export as new Build Order

IlllIIIIllII Protoss - Winner!

Build Orders: Cannon Rush 

Get SALT Encoding   

  12  0:00  Probe (Chrono Boost)  
  13  0:11  Probe (Chrono Boost)  
  14  0:18  Pylon  
  14  0:22  Probe (Chrono Boost)  
  15  0:36  Forge  
  15  0:38  Probe (Chrono Boost)  
  16  0:49  Probe (Chrono Boost)  
  17  1:00  Probe (Chrono Boost)  
  18  1:08  Pylon  
  18  1:19  Pylon  
  18  1:28  Pylon  
  18  1:29  Photon Cannon  
  18  1:32  Photon Cannon  
  18  1:40  Photon Cannon  
  18  1:48  Photon Cannon  
  17  2:06  Photon Cannon  
  17  2:08  Photon Cannon  
  17  2:24  Photon Cannon  
  17  2:26  Photon Cannon  
  17  2:38  Photon Cannon  
  17  2:40  Photon Cannon  
  17  2:46  Pylon  
  17  2:51  Photon Cannon  
  17  3:06  Photon Cannon  
Tags
 
Add a new tag
Caveats
  • Supply blocks, unpowered buildings, or Contaminate may cause inaccurate times.
  • Supply counts are checked every 10 seconds.